 Dungeon Crawl Stone Soup version 0.28-a0-1130-gc51a68064b (webtiles) character file.

Game seed: 12920404030883251420

95 Blackjack the Magician (level 4, 0/32 HPs)
             Began as a Gnoll Hedge Wizard on Dec 12, 2021.
             Shot with an arrow by a centaur (10 damage)
             ... on level 5 of the Dungeon.
             The game lasted 00:09:35 (3204 turns).

Blackjack the Magician (Gnoll Hedge Wizard)         Turns: 3204, Time: 00:09:35

Health: 0/32       AC:  4    Str: 10    XL:     4   Next: 65%
Magic:  10/13      EV: 13    Int: 15    God:
Gold:   189        SH:  0    Dex: 11    Spells: 6/17 levels left

rFire   . . .      SeeInvis .   a - +0 dagger
rCold   . . .      Faith    .   (no shield)
rNeg    . . .      Spirit   .   b - +0 robe
rPois   +          Reflect  .   c - +0 hat
rElec   .          Harm     .   v - +0 cloak
rCorr   .          Rampage  .   j - +0 pair of gloves
Will    .....                   (no boots)
Stlth   ++........              (no amulet)
HPRegen 0.10/turn               d - ring of poison resistance
MPRegen 0.13/turn               (no ring)

@: flying, hasted, studying Slings, very quick
A: fangs 1, strong nose, distributed training
a: no special abilities


You were on level 5 of the Dungeon.
You visited 1 branch of the dungeon, and saw 5 of its levels.

You collected 189 gold pieces.

Inventory:

Hand Weapons
 a - a +0 dagger (weapon)
Missiles
 k - 72 bolts
 p - 25 arrows
 q - 4 atropa-tipped darts (quivered)
Armour
 b - a +0 robe (worn)
 c - a +0 hat (worn)
 j - a +0 pair of gloves (worn)
 v - a +0 cloak (worn)
 w - a +0 leather armour
Jewellery
 d - a ring of poison resistance (left hand)
Scrolls
 f - a scroll of vulnerability {unknown}
 g - 2 scrolls of immolation {unknown}
 h - a scroll of noise {unknown}
 i - a scroll of summoning {unknown}
 l - 2 scrolls of identify {unknown}
 o - a scroll of teleportation {unknown}
 r - a scroll of enchant armour {unknown}
 t - a scroll of enchant weapon {unknown}
 u - a scroll of fear {unknown}
 y - a scroll of brand weapon {unknown}
Potions
 e - a potion of haste
 m - a potion of might {unknown}
 s - a potion of mutation {unknown}
 x - a potion of flight
 z - a potion of attraction {unknown}


   Skills:
 + Level 1.2 Fighting
 + Level 1.2 Short Blades
 + Level 1.2 Long Blades
 + Level 1.2 Axes
 + Level 1.2 Maces & Flails
 + Level 1.2 Polearms
 + Level 1.2 Staves
 + Level 1.5 Slings
 + Level 1.2 Bows
 + Level 1.2 Crossbows
 + Level 1.2 Throwing
 + Level 1.2 Armour
 + Level 4.6 Dodging
 + Level 4.3 Stealth
 + Level 1.2 Shields
 + Level 1.2 Unarmed Combat
 + Level 7.2 Spellcasting
 + Level 2.2 Conjurations
 + Level 1.0 Hexes
 + Level 2.2 Summonings
 + Level 1.0 Necromancy
 + Level 2.2 Translocations
 + Level 1.0 Transmutations
 + Level 1.0 Fire Magic
 + Level 1.0 Ice Magic
 + Level 1.0 Air Magic
 + Level 1.0 Earth Magic
 + Level 1.0 Poison Magic
 + Level 1.3 Invocations
 + Level 1.2 Evocations


You had 6 spell levels left.
You knew the following spells:

 Your Spells              Type           Power      Damage    Failure   Level
a - Magic Dart            Conj           48%        1d5       4%          1
b - Blink                 Tloc           24%        N/A       8%          2
c - Call Imp              Summ           12%        N/A       8%          2
d - Mephitic Cloud        Conj/Pois/Air  9%         N/A       22%         3
e - Conjure Flame         Conj/Fire      10%        6-21      21%         3

Your spell library contained the following spells:

 Spells                   Type           Power      Damage    Failure   Level
 Apportation              Tloc           24%        N/A       4%          1
 Slow                     Hex            32%        N/A       9%          1
 Alistair's Intoxication  Tmut/Pois      5%         N/A       94%         5


Dungeon Overview and Level Annotations

Branches:
Dungeon (4/15)
 Temple: D:4-7

Altars:
Trog


Innate Abilities, Weirdness & Mutations

You have very sharp teeth.
Your uncanny sense of smell can sniff out nearby items.
Your experience applies equally to all skills.


Message History

The arrow hits you.
The centaur shoots an arrow.
The arrow hits you!
The centaur shoots an arrow.
The arrow misses you.
The centaur shoots an arrow.
The arrow hits you!
The centaur unwields a +0 shortbow.
The centaur hits you.
* * * LOW HITPOINT WARNING * * *
The centaur barely misses you.
You completely miss the centaur.
The centaur hits you but does no damage.
The centaur kicks you but does no damage.
You barely miss the centaur. The centaur hits you.
* * * LOW HITPOINT WARNING * * *
The centaur kicks you.
* * * LOW HITPOINT WARNING * * *
The centaur barely misses you. The centaur kicks you.
* * * LOW HITPOINT WARNING * * *
You swap places.
Something hits your white imp.
Something kicks your white imp but does no damage.
It was a potion of haste.
You feel yourself speed up.
Your white imp gestures at the centaur.
The puff of frost misses the centaur.
The centaur wields a +0 shortbow.
The centaur shoots an arrow.
The arrow closely misses your white imp.
The arrow barely misses you.
It was a potion of flight.
You feel very buoyant.
You fly up into the air.
The centaur shoots an arrow.
The arrow hits your white imp.
It was a potion of curing.
You feel better.
Your white imp hits the centaur but does no damage.
The centaur shoots an arrow.
The arrow barely misses you.
The centaur shoots an arrow.
The arrow barely misses you.
Casting: Call Imp (safe; 8% risk of failure)
Confirm with . or Enter, or press ? or * to list all spells.
A metallic apparition takes form in the air.
Your white imp disappears in a puff of smoke!
The centaur shoots an arrow.
The arrow barely misses you.
The centaur shoots an arrow.
The arrow closely misses you.
The centaur shoots an arrow.
The arrow hits you!
You die...

####.# #####..## #....#
#...##..# ## #######.##.###
#...###..
...##............####...##...
....#..#..#..#...##...##...
#..#..#..#..#...'...''...
#..#..#..#...###...##...
#....#..#..#..#..# ######..#
#..#..#ยง.#.@#..#.... #..##
........c..5........... #.###
####....####.....#.....##.
#..... #..........####
..##... ............. ##..##.
...###.###..## .. .# ... .#
#... #


You could see a centaur (ally target) and a friendly iron imp (summoned).

Vanquished Creatures
  4 adders
  An adder skeleton (D:4)
  4 dart slugs
  An orc (D:3)
  4 ball pythons
  5 bats
  3 endoplasms
  2 giant cockroaches
  4 goblins
  3 hobgoblins
  3 quokkas
  2 frilled lizards (D:2)
  5 kobolds
  6 rats
47 creatures vanquished.

Notes
Turn   | Place    | Note
-------+----------+-------------------------------------------
     0 | D:1      | Blackjack the Gnoll Hedge Wizard began the quest for the
                  | Orb.
     0 | D:1      | Reached XP level 1. HP: 13/13 MP: 8/8
   337 | D:1      | Reached XP level 2. HP: 9/19 MP: 0/10
  1212 | D:2      | Reached XP level 3. HP: 23/25 MP: 6/11
  1516 | D:2      | Reached skill level 1 in Slings
  1516 | D:2      | Reached skill level 1 in Invocations
  1702 | D:2      | Learned a level 2 spell: Blink
  1705 | D:2      | Learned a level 2 spell: Call Imp
  1709 | D:2      | Learned a level 3 spell: Mephitic Cloud
  1713 | D:2      | Learned a level 3 spell: Conjure Flame
  1739 | D:2      | Reached skill level 1 in Fighting
  1739 | D:2      | Reached skill level 1 in Short Blades
  1739 | D:2      | Reached skill level 1 in Long Blades
  1739 | D:2      | Reached skill level 1 in Axes
  1739 | D:2      | Reached skill level 1 in Maces & Flails
  1739 | D:2      | Reached skill level 1 in Polearms
  1739 | D:2      | Reached skill level 1 in Staves
  1739 | D:2      | Reached skill level 1 in Bows
  1739 | D:2      | Reached skill level 1 in Crossbows
  1739 | D:2      | Reached skill level 1 in Throwing
  1739 | D:2      | Reached skill level 1 in Armour
  1739 | D:2      | Reached skill level 1 in Shields
  1739 | D:2      | Reached skill level 1 in Unarmed Combat
  1739 | D:2      | Reached skill level 1 in Evocations
  1842 | D:2      | Reached XP level 4. HP: 32/32 MP: 8/13
  2128 | D:2      | Found a faded altar of an unknown god.
  2508 | D:3      | Found a bloodstained altar of Trog.
  2722 | D:3      | Reached skill level 1 in Hexes
  2722 | D:3      | Reached skill level 1 in Necromancy
  2722 | D:3      | Reached skill level 1 in Transmutations
  2722 | D:3      | Reached skill level 1 in Fire Magic
  2722 | D:3      | Reached skill level 1 in Ice Magic
  2722 | D:3      | Reached skill level 1 in Air Magic
  2722 | D:3      | Reached skill level 1 in Earth Magic
  2722 | D:3      | Reached skill level 1 in Poison Magic
  3151 | D:4      | You fall into a shaft and drop 1 floor!
  3151 | D:5      | Entered Level 5 of the Dungeon
  3185 | D:5      | Noticed a centaur
  3204 | D:5      | Shot with an arrow by a centaur

Illustrated notes

Levels and vault maps discovered:
D:1:      minmay_arrival_plants_in_alcoves, layout_loops_ring
D:2:      layout_loops_ring, shapermc_ecumenical_altar_hornbeckon
D:3:      layout_loops_ring, mainiacjoe_overflow_surrounded_room,
          chequers_serial_rivers_micro_e
D:4:      layout_loops_ring, uniq_eustachio
D:5:      layout_basic, grunt_decor_arrowhead, minmay_fountain_box,
          hangedman_decor_peaks_small, minmay_misc_feat_diagonals

Skill      XL: |  1  2  3  4 |
---------------+-------------+-----
Conjurations   | 2 |  2.2
Summonings     | 2 |  2.2
Translocations | 2 |  2.2
Slings         | 1 |  1.5
Invocations    | 1 |  1.3
Fighting       | 1 |  1.2
Short Blades   | 1 |  1.2
Long Blades    | 1 |  1.2
Axes           | 1 |  1.2
Maces & Flails | 1 |  1.2
Polearms       | 1 |  1.2
Staves         | 1 |  1.2
Bows           | 1 |  1.2
Crossbows      | 1 |  1.2
Throwing       | 1 |  1.2
Armour         | 1 |  1.2
Shields        | 1 |  1.2
Unarmed Combat | 1 |  1.2
Evocations     | 1 |  1.2
Hexes          | 1 |  1.0
Necromancy     | 1 |  1.0
Transmutations | 1 |  1.0
Fire Magic     | 1 |  1.0
Ice Magic      | 1 |  1.0
Air Magic      | 1 |  1.0
Earth Magic    | 1 |  1.0
Poison Magic   | 1 |  1.0
Dodging        | |  4.6
Stealth        | |  4.3
Spellcasting   | |  7.2

Action                   |  1- 3 |  4- 6 || total
-------------------------+-------+-------++-------
Melee: Dagger            |     8 |     2 ||    10
       Bite              |     2 |       ||     2
 Cast: Magic Dart        |    84 |    42 ||   126
       Call Imp          |       |     2 ||     2
  Use: Potion            |       |     3 ||     3
Armor: Robe              |     3 |     2 ||     5
Dodge: Dodged            |    17 |     9 ||    26

Table legend: (Time is in decaauts)
 A = Elapsed time spent in this place.
 B = Non-inter-level travel time spent in this place.
 C = Inter-level travel time spent in this place.
 D = Time resting spent in this place.
 E = Time spent auto-exploring this place.
 F = Levels seen in this place.
 G = Mean time per level.
                   A        B        C        D        E       F      G
               +--------+--------+--------+--------+--------+-----+--------+
         Total |   3208 |   3059 |    149 |      0 |   2686 |   5 |  641.6 |
       Dungeon |   3208 |   3059 |    149 |      0 |   2686 |   5 |  641.6 |
               +--------+--------+--------+--------+--------+-----+--------+

Top non-repeatable levels by time:
     D:1: 1205 daAuts
     D:2: 970 daAuts
     D:3: 873 daAuts
     D:4: 108 daAuts
     D:5: 49 daAuts
